 Dungeon Crawl Stone Soup version 0.30-a0-4-ga7cffc901d (webtiles) character file.

Game seed: 10150328849805311167

109 Setbun the Ducker (level 4, -11/23 HPs)
             Began as a Spriggan Berserker on Aug 20, 2022.
             Was a Believer of Trog.
             Blown up by Ijyb (17 damage)
             ... with a mindburst bolt
             ... on level 3 of the Dungeon.
             The game lasted 00:02:32 (2370 turns).

Setbun the Ducker (Spriggan Berserker)              Turns: 2370, Time: 00:02:32

Health: -11/23     AC:  6    Str: 13    XL:     4   Next: 60%
Magic:  5/5        EV: 19    Int:  8    God:    Trog [**....]
Gold:   78         SH:  0    Dex: 16    Spells: 3/3 levels left

rFire   . . .      SeeInvis +    j - +2 dagger (drain)
rCold   . . .      Faith    .    (no shield)
rNeg    . . .      Spirit   .    b - +0 animal skin
rPois   .          Reflect  .    (helmet restricted)
rElec   .          Harm     .    (no cloak)
rCorr   .          Rampage  .    (gloves unavailable)
Will    .....                    (boots unavailable)
Stlth   ++........               (no amulet)
HPRegen 0.07/turn                q - +4 ring of protection
MPRegen 0.09/turn                (no ring)

@: very quick
A: very small, no large weapons, unfitting armour, see invisible, speed 3
a: Renounce Religion, Berserk, Trog's Hand


You were on level 3 of the Dungeon.
You worshipped Trog.
Trog was pleased with you.
You visited 1 branch of the dungeon, and saw 3 of its levels.

You collected 78 gold pieces.

Inventory:

Hand Weapons
 a - a +0 short sword
 j - a +2 dagger of draining (weapon)
Armour
 b - a +0 animal skin (worn)
Jewellery
 q - a +4 ring of protection (left hand)
Scrolls
 c - 2 scrolls of blinking {unknown}
 d - a scroll of enchant armour {unknown}
 i - a scroll of silence {unknown}
 k - a scroll of identify {unknown}
 m - a scroll of amnesia {unknown}
 o - a scroll of vulnerability {unknown}
 p - a scroll of butterflies {unknown}
Potions
 e - a potion of curing {unknown}
 f - a potion of might {unknown}
 g - a potion of magic {unknown}
 h - a potion of heal wounds {unknown}
 l - a potion of lignification {unknown}
 n - a potion of brilliance {unknown}


   Skills:
 + Level 2.9 Fighting
 * Level 4.5 Short Blades
 + Level 4.8 Dodging
 + Level 2.7 Stealth


You had 3 spell levels left.
You didn't know any spells.
Your spell library was empty.

Dungeon Overview and Level Annotations

Branches:
Dungeon (3/15)

Altars:
Elyvilon

Annotations:
D:3 Ijyb


Innate Abilities, Weirdness & Mutations

You are very small and have problems with some larger weapons.
You are too small for most types of armour.
You have supernaturally acute eyesight. (SInv)
You cover ground extremely quickly. (Speed+++)


Message History

Ijyb hits you with a +4 dagger of protection.
You barely miss Ijyb.
Ijyb is moderately wounded.
Ijyb hits you but does no damage.
You hit Ijyb but do no damage.
Ijyb is moderately wounded.
Ijyb completely misses you.
You barely miss Ijyb.
Ijyb is moderately wounded.
Ijyb zaps a wand.
Your mind is blasted!
You barely miss Ijyb.
Ijyb is moderately wounded.
You hit Ijyb but do no damage. You drain Ijyb.
Ijyb is heavily wounded.
Ijyb hits you with a +4 dagger of protection.
You are too injured to fight recklessly!
You are too injured to fight recklessly!
You are too injured to fight recklessly!
You are too injured to fight recklessly!
You hit Ijyb. You drain Ijyb.
Ijyb is severely wounded.
Ijyb hits you but does no damage.
You hit Ijyb but do no damage. You drain Ijyb.
Ijyb is almost dead.
Ijyb zaps a wand.
You struggle to resist.
You hit Ijyb but do no damage. You drain Ijyb.
Ijyb is almost dead.
You closely miss Ijyb.
Ijyb is almost dead.
Ijyb screams, "I dance on your bones!"
Ijyb hits you with a +4 dagger of protection.
* * * LOW HITPOINT WARNING * * *
You hit Ijyb but do no damage.
Ijyb is almost dead.
Ijyb completely misses you.
You barely miss Ijyb.
Ijyb is almost dead.
Ijyb zaps a wand.
Your mind is blasted!
Ouch! That really hurt!
You die...

# ?# # .# .# # #.#
####.# ##### #.####
.....# ....###.....
....####
........#######.......
###.#.#..........# #
#.#.#.#.###.#..# #
#.#...#.....#.@# #
#.###.#.._..#..g......
# #.#
#.#.....#..####### #
#.# #.#.###.#..# ###.#
#†.........# .[..#
#.#######... #####....
....# # #>#### ....# #
#. ##


You could see Ijyb (very drained).

Vanquished Creatures
  Terence (D:3)
  3 adders
  A worm (D:2)
  5 endoplasms
  2 giant cockroaches (D:1)
  6 goblins
  4 hobgoblins
  7 jackals (D:2)
  A quokka (D:1)
  5 ball pythons
  9 bats
  2 frilled lizards
  2 kobolds
  3 rats (D:1)
51 creatures vanquished.

Notes
Turn   | Place    | Note
-------+----------+-------------------------------------------
     0 | D:1      | Setbun the Spriggan Berserker began the quest for the Orb.
     0 | D:1      | Reached XP level 1. HP: 11/11 MP: 2/2
    36 | D:1      | Found a faded altar of an unknown god.
   311 | D:1      | Reached skill level 1 in Stealth
   667 | D:1      | Reached XP level 2. HP: 13/16 MP: 3/3
  1423 | D:1      | Reached XP level 3. HP: 18/19 MP: 4/4
  1702 | D:2      | Reached ** piety under Trog
  2108 | D:3      | Reached XP level 4. HP: 22/23 MP: 5/5
  2119 | D:3      | Noticed Terence
  2132 | D:3      | Killed Terence
  2337 | D:3      | Found a white marble altar of Elyvilon.
  2348 | D:3      | Noticed Ijyb
  2370 | D:3      | Blown up by Ijyb

Illustrated notes

Levels and vault maps discovered:
D:1:      matt_arrival_spirals, layout_basic, shapermc_ecumenical_altar_gd,
          kennysheep_boxes
D:2:      layout_rooms
D:3:      layout_loops_ring, mainiacjoe_overflow_alcove_1,
          mainiacjoe_overflow_cross_hatched, uniq_ijyb, uniq_terence

Skill      XL: |  1  2  3 |
---------------+----------+-----
Stealth        | 1 2 |  2.7
Short Blades   | 4 |  4.5
Fighting       | |  2.9
Dodging        | |  4.8

Action                   |  1- 3 |  4- 6 || total
-------------------------+-------+-------++-------
Melee: Short sword       |   147 |       ||   147
       Dagger            |    20 |    31 ||    51
Invok: Berserk           |     2 |     1 ||     3
 Stab: Sleeping          |     1 |     1 ||     2
Armor: Animal skin       |    22 |     3 ||    25
Dodge: Dodged            |   158 |    11 ||   169

Table legend: (Time is in decaauts)
 A = Elapsed time spent in this place.
 B = Non-inter-level travel time spent in this place.
 C = Inter-level travel time spent in this place.
 D = Time resting spent in this place.
 E = Time spent auto-exploring this place.
 F = Levels seen in this place.
 G = Mean time per level.
                   A        B        C        D        E       F      G
               +--------+--------+--------+--------+--------+-----+--------+
         Total |   1970 |   1944 |     26 |    697 |    919 |   3 |  656.7 |
       Dungeon |   1970 |   1944 |     26 |    697 |    919 |   3 |  656.7 |
               +--------+--------+--------+--------+--------+-----+--------+

Top non-repeatable levels by time:
     D:1: 1365 daAuts
     D:2: 347 daAuts
     D:3: 257 daAuts
